SL
SEATTLE AVIATORS @ VANCOUVER GREY WOLVES
09/24/2028
 
TOP OF THE 1ST
Seattle Aviators batting - Pitching for Vancouver Grey Wolves : RHP Roberto De La Cruz
Pitching: RHP Roberto De La Cruz
Batting: SHB Juan Torres 0-0: Foul Ball, location: 2F
0-1: Ground out 4-3 (Groundball, 4)
Batting: RHB Anthony Johnston 0-0: Ground out 5-3 (Groundball, 56)
Batting: LHB Jorge Mojica 0-0: Reached on error, E2 (Groundball, 15S)
Batting: LHB Kenny Webster 0-0: Ball
1-0: Swinging Strike
1-1: Reached on error, E1 (Groundball, 13)
Jorge Mojica scores
Batting: LHB Dong-jin Kim 0-0: Called Strike
0-1: Called Strike
0-2: Ball
1-2: SINGLE (Groundball, 4M) (infield hit)
Kenny Webster to third
Batting: RHB Seon-keun Kim 0-0: SINGLE (Line Drive, 8LS)
Kenny Webster scores
Dong-jin Kim to second
Batting: RHB John MacGregor 0-0: Swinging Strike
0-1: Ball
1-1: Swinging Strike
1-2: Ball
2-2: Fielders Choice at 2nd, 4-6 (Groundball, 4)
Top of the 1st over - 2 run(s), 2 hit(s), 2 error(s), 1 left on base; Seattle 2 - Vancouver 0
BOTTOM OF THE 1ST
Vancouver Grey Wolves batting - Pitching for Seattle Aviators : RHP Chip Bishop
Pitching: RHP Chip Bishop
Batting: RHB José Jarca 0-0: Fly out, F7 (Flyball, 78M)
Batting: LHB Preston Witt 0-0: Ball
1-0: Reached on error, E4 (Groundball, 4)
Batting: SHB Ted Striker 0-0: Ball
1-0: SINGLE (Line Drive, 89S)
Preston Witt to second
Batting: LHB Gustavo Cortéz 0-0: SINGLE (Groundball, 56D)
Preston Witt to third
Ted Striker to second
Runner from 3rd tries for Home, SAFE, throw made home
Batting: SHB Seishiro Nishimura 0-0: Called Strike
0-1: Ball
1-1: Ball
2-1: Called Strike
2-2: Ball
3-2: Strikes out swinging
Gustavo Cortéz is caught stealing 2nd base
Batter strikes out.
Bottom of the 1st over - 1 run(s), 2 hit(s), 1 error(s), 1 left on base; Seattle 2 - Vancouver 1
TOP OF THE 2ND
Seattle Aviators batting - Pitching for Vancouver Grey Wolves : RHP Roberto De La Cruz
Batting: LHB Pedro Corona 0-0: Ground out U3 (Groundball, 34)
Batting: LHB Vinski Prifti 0-0: Ball
1-0: Fly out, F3 (Popup, 3L)
Batting: SHB Juan Torres 0-0: Ball
1-0: Ground out U3 (Groundball, 34S)
Top of the 2nd over - 0 run(s), 0 hit(s), 0 error(s), 0 left on base; Seattle 2 - Vancouver 1
BOTTOM OF THE 2ND
Vancouver Grey Wolves batting - Pitching for Seattle Aviators : RHP Chip Bishop
Batting: RHB Hank Scorpio 0-0: Ground out 5-3 (Groundball, 56S)
Batting: LHB Aquiles Marmelo 0-0: Foul Ball, location: 2F
0-1: Ground out 4-3 (Groundball, 34D)
Batting: RHB Hugh Mungus 0-0: Called Strike
0-1: Swinging Strike
0-2: Ball
1-2: Ball
2-2: Ground out 6-3 (Groundball, 6MS)
Bottom of the 2nd over - 0 run(s), 0 hit(s), 0 error(s), 0 left on base; Seattle 2 - Vancouver 1
TOP OF THE 3RD
Seattle Aviators batting - Pitching for Vancouver Grey Wolves : RHP Roberto De La Cruz
Batting: RHB Anthony Johnston 0-0: Ball
1-0: Ball
2-0: Fly out, F6 (Popup, 6D)
Batting: LHB Jorge Mojica 0-0: DOUBLE (Line Drive, 89D)
Batting: LHB Kenny Webster 0-0: Fly out, F8 (Flyball, 8LM)
Batting: LHB Dong-jin Kim 0-0: Ball
1-0: SINGLE (Flyball, 8LS)
Jorge Mojica to third
Runner from 3rd tries for Home, SAFE, no throw
Batting: RHB Seon-keun Kim 0-0: Ball
1-0: Called Strike
1-1: SINGLE (Line Drive, 4D)
Dong-jin Kim to second
Batting: RHB John MacGregor 0-0: Ball
1-0: Ball
2-0: Fielders Choice at 2nd, 6-4 (Groundball, 6)
Top of the 3rd over - 1 run(s), 3 hit(s), 0 error(s), 1 left on base; Seattle 3 - Vancouver 1
BOTTOM OF THE 3RD
Vancouver Grey Wolves batting - Pitching for Seattle Aviators : RHP Chip Bishop
Batting: RHB Danny Walsh 0-0: Called Strike
0-1: Ball
1-1: Swinging Strike
1-2: Ball
2-2: Ball
3-2: Strikes out swinging
Batting: RHB José Jarca 0-0: Ball
1-0: Ground out 6-3 (Groundball, 6S)
Batting: LHB Preston Witt 0-0: Reached on error, E6 (Groundball, 6S)
Batting: SHB Ted Striker 0-0: Swinging Strike
0-1: Ball
1-1: Ground out U3 (Groundball, 34)
Bottom of the 3rd over - 0 run(s), 0 hit(s), 1 error(s), 1 left on base; Seattle 3 - Vancouver 1
TOP OF THE 4TH
Seattle Aviators batting - Pitching for Vancouver Grey Wolves : RHP Roberto De La Cruz
Batting: LHB Pedro Corona 0-0: Ground out U3 (Groundball, 3L)
Batting: LHB Vinski Prifti 0-0: Ball
1-0: Swinging Strike
1-1: Ball
2-1: SINGLE (Flyball, 8LS)
Batting: SHB Juan Torres 0-0: Ball
Vinski Prifti is caught stealing 2nd base
1-0: Called Strike
1-1: Foul Ball, location: 2F
1-2: Foul Ball, location: 2F
1-2: Ball
2-2: Foul Ball, location: 2F
2-2: Foul Ball, location: 2F
2-2: Fly out, F4 (Flyball, 34D)
Top of the 4th over - 0 run(s), 1 hit(s), 0 error(s), 0 left on base; Seattle 3 - Vancouver 1
BOTTOM OF THE 4TH
Vancouver Grey Wolves batting - Pitching for Seattle Aviators : RHP Chip Bishop
Batting: LHB Gustavo Cortéz 0-0: Ball
1-0: Foul Ball, location: 2F
1-1: Called Strike
1-2: Ball
2-2: Ball
3-2: Foul Ball, location: 2F
3-2: Base on Balls
Batting: SHB Seishiro Nishimura 0-0: Ball
1-0: Grounds into double play, 4-6-3 (Groundball, 4)
Batting: RHB Hank Scorpio 0-0: Ball
1-0: Foul Ball, location: 2F
1-1: Ground out 6-3 (Groundball, 6)
Bottom of the 4th over - 0 run(s), 0 hit(s), 0 error(s), 0 left on base; Seattle 3 - Vancouver 1
TOP OF THE 5TH
Seattle Aviators batting - Pitching for Vancouver Grey Wolves : RHP Roberto De La Cruz
Batting: RHB Anthony Johnston 0-0: Ball
1-0: Ground out 4-3 (Groundball, 4M)
Batting: LHB Jorge Mojica 0-0: Foul Ball, location: 2F
0-1: Swinging Strike
0-2: Fly out, F9 (Flyball, 89D)
Batting: LHB Kenny Webster 0-0: Called Strike
0-1: Ball
1-1: Foul Ball, location: 2F
1-2: Strikes out swinging
Top of the 5th over - 0 run(s), 0 hit(s), 0 error(s), 0 left on base; Seattle 3 - Vancouver 1
BOTTOM OF THE 5TH
Vancouver Grey Wolves batting - Pitching for Seattle Aviators : RHP Chip Bishop
Batting: LHB Aquiles Marmelo 0-0: Called Strike
0-1: Ball
1-1: Ground out 4-3 (Groundball, 34)
Batting: RHB Hugh Mungus 0-0: Ball
1-0: Ball
2-0: Called Strike
2-1: Called Strike
2-2: SINGLE (Groundball, 56D)
Batting: RHB Danny Walsh 0-0: Ball
1-0: Ball
2-0: Called Strike
2-1: Grounds into double play, 5-4-3 (Groundball, 56)
Bottom of the 5th over - 0 run(s), 1 hit(s), 0 error(s), 0 left on base; Seattle 3 - Vancouver 1
TOP OF THE 6TH
Seattle Aviators batting - Pitching for Vancouver Grey Wolves : RHP Roberto De La Cruz
Batting: LHB Dong-jin Kim 0-0: Ground out 3-1 (Groundball, 34S)
Batting: RHB Seon-keun Kim 0-0: Called Strike
0-1: Foul Ball, location: 2F
0-2: SINGLE (Groundball, 6D)
Batting: RHB John MacGregor 0-0: Ball
1-0: Grounds into double play, 6-4-3 (Groundball, 6MD)
Top of the 6th over - 0 run(s), 1 hit(s), 0 error(s), 0 left on base; Seattle 3 - Vancouver 1
BOTTOM OF THE 6TH
Vancouver Grey Wolves batting - Pitching for Seattle Aviators : RHP Chip Bishop
Batting: RHB José Jarca 0-0: Ball
1-0: Ball
2-0: Ball
3-0: Called Strike
3-1: Base on Balls
Batting: LHB Preston Witt 0-0: Ball
1-0: Ball
2-0: Foul Ball, location: 2F
2-1: Ball
3-1: SINGLE (Line Drive, 9S)
José Jarca to second
Batting: SHB Ted Striker 0-0: Fly out, F3 (Line Drive, 3S)
Batting: LHB Gustavo Cortéz 0-0: Fly out, F6 (Popup, 5D)
Batting: SHB Seishiro Nishimura 0-0: Ball
1-0: Called Strike
1-1: 3-RUN HOME RUN (Flyball, 9LD), Distance : 318 ft
Batting: RHB Hank Scorpio 0-0: Called Strike
0-1: Ball
1-1: Called Strike
1-2: Ball
2-2: Ball
3-2: Base on Balls
Batting: LHB Aquiles Marmelo 0-0: Ball
1-0: Called Strike
Hank Scorpio is caught stealing 2nd base
Bottom of the 6th over - 3 run(s), 2 hit(s), 0 error(s), 0 left on base; Seattle 3 - Vancouver 4
TOP OF THE 7TH
Seattle Aviators batting - Pitching for Vancouver Grey Wolves : RHP Roberto De La Cruz
Batting: LHB Pedro Corona 0-0: Called Strike
0-1: Ground out 4-3 (Groundball, 4)
Batting: LHB Vinski Prifti 0-0: Ball
1-0: Ball
2-0: Called Strike
2-1: Called Strike
2-2: Foul Ball, location: 2F
2-2: Foul Ball, location: 2F
2-2: Ball
3-2: Strikes out swinging
Batting: SHB Juan Torres 0-0: Called Strike
0-1: Swinging Strike
0-2: Ball
1-2: Strikes out swinging
Top of the 7th over - 0 run(s), 0 hit(s), 0 error(s), 0 left on base; Seattle 3 - Vancouver 4
BOTTOM OF THE 7TH
Vancouver Grey Wolves batting - Pitching for Seattle Aviators : RHP Chip Bishop
Batting: LHB Aquiles Marmelo 0-0: Ball
1-0: Ground out U3 (Groundball, 3L)
Batting: RHB Hugh Mungus 0-0: Ball
1-0: Ball
2-0: Ball
3-0: SOLO HOME RUN (Flyball, 7D), Distance : 358 ft
Batting: RHB Danny Walsh 0-0: Ball
1-0: Foul Ball, location: 2F
1-1: Foul Ball, location: 2F
1-2: Hit by Pitch
Batting: RHB José Jarca 0-0: Ball
1-0: Ball
2-0: Fly out, F5 (Popup, 56S)
Batting: LHB Preston Witt 0-0: Ball
1-0: Ball
2-0: Foul Ball, location: 2F
2-1: Fly out, F8 (Flyball, 8RS)
Bottom of the 7th over - 1 run(s), 1 hit(s), 0 error(s), 1 left on base; Seattle 3 - Vancouver 5
TOP OF THE 8TH
Seattle Aviators batting - Pitching for Vancouver Grey Wolves : RHP Roberto De La Cruz
Batting: RHB Anthony Johnston 0-0: Foul Ball, location: 2F
0-1: Ball
1-1: Called Strike
1-2: Ball
2-2: Strikes out swinging
Batting: LHB Jorge Mojica 0-0: Called Strike
0-1: Foul Ball, location: 2F
0-2: SINGLE (Line Drive, 3D)
Pitching: RHP Tate Beason
Batting: LHB Kenny Webster 0-0: Called Strike
0-1: Ball
1-1: Swinging Strike
1-2: Fielders Choice at 2nd, 3-6 (Groundball, 3)
Batting: LHB Dong-jin Kim 0-0: Ball
1-0: Called Strike
1-1: Called Strike
1-2: Strikes out looking
Top of the 8th over - 0 run(s), 1 hit(s), 0 error(s), 1 left on base; Seattle 3 - Vancouver 5
BOTTOM OF THE 8TH
Vancouver Grey Wolves batting - Pitching for Seattle Aviators : RHP Chip Bishop
Batting: SHB Ted Striker 0-0: Ball
1-0: Ground out 1-3 (Groundball, 13)
Batting: LHB Gustavo Cortéz 0-0: Foul Ball, location: 2F
0-1: Ground out 1-3 (Groundball, 15S)
Batting: SHB Seishiro Nishimura 0-0: Called Strike
0-1: Ball
1-1: Ball
2-1: Foul Ball, location: 2F
2-2: Ball
3-2: Base on Balls
Pitching: RHP John Woods
Batting: RHB Hank Scorpio 0-0: Ball
1-0: Called Strike
1-1: Ball
2-1: Swinging Strike
2-2: Ball
3-2: SINGLE (Line Drive, 89M)
Seishiro Nishimura to second
Seishiro Nishimura to third
Batting: LHB Aquiles Marmelo 0-0: Called Strike
0-1: Ball
1-1: Fly out, F9 (Flyball, 9)
Bottom of the 8th over - 0 run(s), 1 hit(s), 0 error(s), 2 left on base; Seattle 3 - Vancouver 5
TOP OF THE 9TH
Seattle Aviators batting - Pitching for Vancouver Grey Wolves : RHP Tate Beason
Batting: RHB Seon-keun Kim 0-0: Foul Ball, location: 2F
0-1: Ball
1-1: Ball
2-1: Ball
3-1: SINGLE (Groundball, 56D)
Batting: RHB John MacGregor 0-0: Ball
1-0: Ball
2-0: Ball
3-0: Called Strike
3-1: Base on Balls
Seon-keun Kim to second
Batting: LHB Pedro Corona 0-0: Ball
1-0: Ball
2-0: Called Strike
2-1: Foul Ball, location: 2F
2-2: Strikes out swinging
Batting: LHB Vinski Prifti 0-0: Called Strike
0-1: Foul Ball, location: 2F
0-2: Strikes out looking
Pitching: RHP Nelle Liefting
Batting: SHB Juan Torres 0-0: Ball
1-0: Ball
2-0: Called Strike
2-1: Ball
3-1: Base on Balls
Seon-keun Kim to third
John MacGregor to second
Batting: RHB Anthony Johnston 0-0: Called Strike
0-1: Called Strike
0-2: Ball
1-2: Ball
2-2: Ball
3-2: Strikes out swinging
Top of the 9th over - 0 run(s), 1 hit(s), 0 error(s), 3 left on base; Seattle 3 - Vancouver 5
Thursday, September 7th, 2017 - OOTP Baseball 17.12 Build 75